 Dungeon Sprint DCSS version 0.27-a0-156-gbcd94eb011 (webtiles) character file.

Game seed: 12576034315463332921

18901 mhtbhm the Brawler (level 12, -6/75 HPs)
             Began as an Octopode Transmuter on Jan 28, 2021.
             Was the Champion of Sif Muna.
             Killed from afar by a fire giant (57 damage)
             ... with a fireball
             ... in the Dungeon (Sprint IX: "|||||||||||||||||||||||||||||").
             The game lasted 00:09:08 (3437 turns).

mhtbhm the Brawler (Octopode Transmuter)            Turns: 3437, Time: 00:09:09

Health: -6/75      AC:  3    Str: 17    XL:     12   Next: 63%
Magic:  23/29      EV: 20    Int: 15    God:    Sif Muna [******]
Gold:   1546       SH:  0    Dex: 13    Spells: 3/37 levels left

rFire    . . .     SeeInvis +     - Unarmed
rCold    + . .     Faith    .   (shield currently unavailable)
rNeg     . . .     Spirit   .   (helmet restricted)
rPois    .         Reflect  .   (no amulet)
rElec    .         Harm     .   j - +3 ring of strength
rCorr    .         Rampage  .   k - +2 ring of protection
Will     +....     Rnd*Rage +   u - ring of stealth Stlth +++++++...NoTele +
                                v - ring of see invisible
HPRegen  0.22/turn              w - ring of willpower
MPRegen  0.21/turn              x - ring of protection from cold
                                (no ring)
                                (no ring)

@: blade tentacles
A: almost no armour, stealthy swim, amphibious, 8 rings, constrict 8, tentacle
spike 1, repulsion field 1, camouflage 1, berserk 1, gelatinous body 1
a: End Transformation, Renounce Religion, Channel Magic, Forget Spell, Divine
Exegesis


You were in the Dungeon.
You worshipped Sif Muna.
Sif Muna was exalted by your worship.
You had blades for tentacles.
You visited 1 branch You collected 1941 gold pieces.
You spent 395 gold pieces at shops.

Inventory:

Missiles
 t - a throwing net
Jewellery
 j - a +3 ring of strength (left scythe-like blade)
 k - a +2 ring of protection (right scythe-like blade)
 u - a ring of stealth (on tentacle)
 v - a ring of see invisible (on tentacle)
 w - a ring of willpower (on tentacle)
 x - a ring of protection from cold (on tentacle)
Wands
 i - a wand of acid (3)
Scrolls
 f - 4 scrolls of remove curse
 g - 2 scrolls of blinking
 h - 3 scrolls of amnesia
 m - a scroll of fear
 n - 2 scrolls of fog
 o - 3 scrolls of enchant armour
 p - 5 scrolls of identify
 q - a scroll of magic mapping
 r - a scroll of summoning
 y - 2 scrolls of enchant weapon
Potions
 a - 2 potions of resistance
 b - 5 potions of heal wounds
 c - 6 potions of curing
 d - 3 potions of haste
 e - 4 potions of magic
 l - a potion of might
 s - a potion of lignification {unknown}
 z - 2 potions of brilliance
 A - a potion of mutation


   Skills:
 + Level 4.3 Fighting
 + Level 9.5 Dodging
 + Level 12.6 Stealth
 + Level 20.0 Unarmed Combat
 + Level 13.3 Spellcasting
 + Level 13.3 Transmutations
 + Level 1.0 Ice Magic
 + Level 0.2 Poison Magic
 + Level 3.7 Evocations


You had 3 spell levels left.
You knew the following spells:

 Your Spells              Type           Power        Failure   Level
a - Beastly Appendage     Tmut           98%          4%          1
b - Wereblood             Tmut           49%          5%          2
c - Spider Form           Tmut/Pois      15%          17%         3
d - Ice Form              Ice/Tmut       31%          28%         4
e - Blade Hands           Tmut           24%          14%         5
f - Hydra Form            Tmut           24%          32%         6
g - Dragon Form           Tmut           24%          69%         7
h - Statue Form           Tmut/Erth      19%          90%         6

Your spell library contained the following spells:

 Spells                   Type           Power        Failure   Level
 Sting                    Tmut/Pois      100%         11%         1
 Ignite Poison            Fire/Tmut/Pois 23%          26%         3
 Corona                   Hex            11%          38%         1
 Shock                    Conj/Air       40%          38%         1
 Poisonous Vapours        Pois/Air       20%          45%         2
 Blink                    Tloc           N/A          47%         2
 Corpse Rot               Necr/Air       N/A          47%         2
 Confusing Touch          Hex            10%          63%         3
 Conjure Flame            Conj/Fire      10%          63%         3
 Dazzling Flash           Conj/Hex       20%          63%         3
 Gell's Gravitas          Tloc           5%           63%         3
 Lesser Beckoning         Tloc           5%           63%         3
 Mephitic Cloud           Conj/Pois/Air  10%          63%         3
 Portal Projectile        Hex/Tloc       20%          63%         3
 Summon Guardian Golem    Hex/Summ       10%          63%         3
 Teleport Other           Tloc           10%          63%         3
 Petrify                  Tmut/Erth      29%          32%         4
 Irradiate                Conj/Tmut      14%          52%         5
 Yara's Violent Unravell  Hex/Tmut       14%          52%         5
 Olgreb's Toxic Radiance  Pois           10%          88%         4
 Eringya's Noxious Bog    Tmut/Pois      15%          89%         6
 Animate Dead             Necr           5%           90%         4
 Cause Fear               Hex            5%           90%         4
 Passage of Golubria      Tloc           N/A          90%         4
 Metabolic Englaciation   Hex/Ice        5%           98%         5
 Agony                    Necr           10%          99%         5
 Borgnjor's Vile Clutch   Necr/Erth      5%           99%         5
 Excruciating Wounds      Necr           5%           99%         5
 Death Channel            Necr           5%           100%        6
 Freezing Cloud           Conj/Ice/Air   5%           100%        6
 Simulacrum               Ice/Necr       5%           100%        6
 Borgnjor's Revivificati  Necr           5%           100%        8


Dungeon Overview and Level Annotations

Branches:
Dungeon (1/1)

Altars:
Cheibriados
Dithmenos
Elyvilon
Fedhas
Gozag
Hepliaklqana
Kikubaaqudgha
Makhleb
Nemelex Xobeh
Okawaru
Qazlal
Ru
Sif Muna
Trog
Uskayaw
Vehumet
Wu Jian
Xom
Yredelemnul
Zin
The Shining One
Beogh
Jiyva
Lugonu

Shops:
D ([?[


Innate Abilities, Weirdness & Mutations

You cannot wear most types of armour.
You are very stealthy in the water. (Stealth+)
You are amphibious.
You can wear up to eight rings at the same time.
You can use your tentacles to constrict eight enemies at once.
Your skin changes colour to match your surroundings (Stealth+).
Your rubbery body absorbs attacks. (AC +1, EV +1)
One of your tentacles bears a spike.
You are surrounded by a mild repulsion field. (EV +2)
You tend to lose your temper in combat.


Message History

You constrict the vampire mage. The vampire mage hits you!
The vampire mage misses you.
You slice the vampire mage!!
You pierce the vampire mage, but do no damage.
Your slash misses the vampire mage.
The vampire mage is almost destroyed.
You constrict the vampire mage, but do no damage.
The vampire mage closely misses you. The vampire mage bites you.
The vampire mage draws strength from your injuries!
You slash the vampire mage!
You pierce the vampire mage, but do no damage.
The vampire mage is almost destroyed.
You constrict the vampire mage, but do no damage.
You slice the vampire mage!!
You destroy the vampire mage!
Sif Muna accepts your kill.
The fire giant points at you and mumbles some strange words.
The fireball explodes!
The fireball engulfs you!!!
Ouch! That really hurt!
You die...

▓.▓.▓.▓.▓.▓)▓
▓.▓.▓.▓[▓.▓.▓
▓.▓.▓.▓[▓.▓.▓
▓+▓.▓'▓.▓[▓.▓(▓
▓.▓.▓.▓.▓[▓.▓.▓
▓.▓.▓.▓.▓.▓.▓.▓
▓C▓.▓.▓.▓.▓.▓)▓
▓[▓.▓.▓.▓'▓.▓.▓
▓@▓.▓.▓.▓?▓.▓.▓
▓:▓.▓∩▓.▓)▓.▓)▓
▓.▓.▓)▓.▓.▓.▓)▓
▓.▓.▓∩▓.▓.▓.▓.▓
▓.▓.▓.▓.▓.▓.▓.▓
▓.▓.▓∩▓.▓.▓.▓[▓
▓.▓)▓)▓.▓.▓.▓[▓
▓.▓.▓∩▓.▓.▓.▓[▓
▓.▓.▓)▓.▓.▓.▓.▓


You could see a fire giant.

Vanquished Creatures
  A stone giant (D)
  An ettin (D)
  A yaktaur captain (D)
  Harold (D)
  Erica (D)
  A deep troll shaman (D)
  An ogre mage (D)
  A two-headed ogre (D)
  A vampire mage (D)
  2 orc high priests (D)
  A skeletal warrior (D)
  A lindwurm (D)
  A wizard (D)
  6 orc knights (D)
  A deep elf mage (D)
  A cyclops (D)
  5 cane toads (D)
  A black mamba (D)
  A rime drake (shapeshifter) (D)
  2 komodo dragons (D)
  A troll (D)
  A meliai (D)
  A polar bear (D)
  A tyrant leech (D)
  3 blink frogs (D)
  A slime creature (D)
  A shadow (D)
  A wyvern (D)
  A yak (D)
  2 vampire mosquitoes (D)
  An acid dragon (D)
  3 water moccasins (D)
  10 orc warriors (D)
  2 black bears (D)
  An ogre (D)
  An eye of draining (D)
  A centaur (D)
  7 bullfrogs (D)
  A howler monkey (D)
  6 orc priests (D)
  2 orc wizards (D)
  2 worker ants (D)
  14 orcs (D)
  A bat (D)
  A giant cockroach (D)
  2 goblins (D)
  A kobold (D)
  A quokka (D)
  A rat (D)
102 creatures vanquished.

Notes
Turn   | Place    | Note
-------+----------+-------------------------------------------
     0 | D        | mhtbhm the Octopode Transmuter began the quest for the Orb.
     0 | D        | Reached XP level 1. HP: 13/13 MP: 3/3
    17 | D        | Reached skill level 4 in Unarmed Combat
    52 | D        | Noticed an ogre
    52 | D        | Noticed a worker ant
    55 | D        | Reached XP level 2. HP: 14/18 MP: 4/6
    62 | D        | Reached skill level 5 in Unarmed Combat
    62 | D        | Reached XP level 3. HP: 13/23 MP: 5/7
    69 | D        | Killed an ogre
    70 | D        | Reached skill level 1 in Stealth
    70 | D        | Reached skill level 7 in Unarmed Combat
    70 | D        | Reached XP level 4. HP: 28/28 MP: 6/10
    70 | D        | Reached XP level 5. HP: 33/33 MP: 6/11
   128 | D        | Found a roughly hewn altar of Beogh.
   128 | D        | Found a snail-covered altar of Cheibriados.
   128 | D        | Found a shadowy altar of Dithmenos.
   128 | D        | Found a white marble altar of Elyvilon.
   128 | D        | Found a blossoming altar of Fedhas.
   128 | D        | Found an opulent altar of Gozag.
   129 | D        | Found a hazy altar of Hepliaklqana.
   130 | D        | Found a viscous altar of Jiyva.
   131 | D        | Found an ancient bone altar of Kikubaaqudgha.
   132 | D        | Found a corrupted altar of Lugonu.
   133 | D        | Found a burning altar of Makhleb.
   134 | D        | Found a sparkling altar of Nemelex Xobeh.
   135 | D        | Found an iron altar of Okawaru.
   136 | D        | Found a stormy altar of Qazlal.
   137 | D        | Found a sacrificial altar of Ru.
   138 | D        | Found a shimmering blue altar of Sif Muna.
   139 | D        | Found a bloodstained altar of Trog.
   140 | D        | Found a hide-covered altar of Uskayaw.
   141 | D        | Found a radiant altar of Vehumet.
   142 | D        | Found an ornate altar of the Wu Jian Council.
   143 | D        | Found a shimmering altar of Xom.
   144 | D        | Found a basalt altar of Yredelemnul.
   145 | D        | Found a glowing silver altar of Zin.
   146 | D        | Became a worshipper of Sif Muna the Loreminder
   147 | D        | Found a glowing golden altar of the Shining One.
   176 | D        | Learned a level 2 spell: Wereblood
   180 | D        | Learned a level 3 spell: Spider Form
   185 | D        | Learned a level 4 spell: Ice Form
   187 | D        | Noticed a black bear
   187 | D        | Noticed a centaur
   187 | D        | Noticed a two-headed ogre
   194 | D        | Killed a two-headed ogre
   195 | D        | Reached skill level 5 in Dodging
   195 | D        | Reached skill level 11 in Unarmed Combat
   195 | D        | Reached XP level 6. HP: 22/39 MP: 6/16
   195 | D        | Reached XP level 7. HP: 25/44 MP: 6/17
   199 | D        | Reached * piety under Sif Muna
   200 | D        | Reached skill level 5 in Stealth
   208 | D        | Reached skill level 12 in Unarmed Combat
   208 | D        | Reached XP level 8. HP: 27/50 MP: 7/18
   209 | D        | Reached ** piety under Sif Muna
   284 | D        | Learned a level 5 spell: Blade Hands
   379 | D        | Noticed a shadow
   379 | D        | Noticed a deep elf mage
   379 | D        | Noticed a troll
   379 | D        | Noticed a cyclops
   383 | D        | Killed a cyclops
   387 | D        | Killed a troll
   387 | D        | Reached *** piety under Sif Muna
   387 | D        | Killed a deep elf mage
   388 | D        | Reached skill level 13 in Unarmed Combat
   388 | D        | Reached skill level 1 in Evocations
   388 | D        | Reached XP level 9. HP: 23/54 MP: 11/21
   683 | D        | Noticed a komodo dragon
   683 | D        | Noticed a komodo dragon
   684 | D        | Noticed a black mamba
   687 | D        | Reached **** piety under Sif Muna
   688 | D        | Reached skill level 14 in Unarmed Combat
   689 | D        | Noticed a cane toad
   690 | D        | Noticed a cane toad
   692 | D        | Killed a komodo dragon
   696 | D        | Killed a komodo dragon
   699 | D        | Killed a black mamba
   700 | D        | Reached XP level 10. HP: 61/61 MP: 17/23
   700 | D        | Killed a cane toad
   701 | D        | Reached skill level 10 in Stealth
   702 | D        | Killed a cane toad
   702 | D        | Reached ***** piety under Sif Muna
   702 | D        | Received a gift from Sif Muna
   703 | D        | Reached skill level 15 in Unarmed Combat
   717 | D        | Learned a level 6 spell: Hydra Form
   725 | D        | Learned a level 7 spell: Dragon Form
   884 | D        | Noticed a cane toad
   885 | D        | Noticed a lindwurm
   888 | D        | Reached skill level 10 in Transmutations
   890 | D        | Reached skill level 10 in Spellcasting
   896 | D        | Killed a cane toad
   907 | D        | Killed a lindwurm
   908 | D        | Reached skill level 16 in Unarmed Combat
   908 | D        | Reached skill level 1 in Ice Magic
   909 | D        | Received a gift from Sif Muna
  1108 | D        | Noticed a cane toad
  1109 | D        | Noticed a cane toad
  1128 | D        | Killed a cane toad
  1129 | D        | Reached XP level 11. HP: 67/67 MP: 19/25
  1134 | D        | Received a gift from Sif Muna
  1255 | D        | Gained mutation: One of your tentacles bears a spike.
                  | [mutagenic glow]
  1262 | D        | Gained mutation: You are surrounded by a mild repulsion
                  | field. (EV +2) [mutagenic glow]
  1582 | D        | Received a gift from Sif Muna
  1663 | D        | Noticed an orc knight
  1663 | D        | Noticed an orc knight
  1675 | D        | Killed an orc knight
  1676 | D        | Reached skill level 17 in Unarmed Combat
  1682 | D        | Killed an orc knight
  1689 | D        | Identified Sif Muna's Almanac of Bewitching Poison (Sif
                  | Muna gifted it to you in the Dungeon)
  1689 | D        | Received a gift from Sif Muna
  1691 | D        | Reached ****** piety under Sif Muna
  1927 | D        | Found Sagiwk's Antique Armour Boutique.
  1927 | D        | Noticed an orc high priest
  1927 | D        | Noticed an orc knight
  1927 | D        | Noticed an orc high priest
  1928 | D        | Noticed an orc knight
  1930 | D        | Found Ejaqesun's Magic Scroll Shop.
  1934 | D        | Killed an orc high priest
  1934 | D        | Identified Sif Muna's Collected Works on Excruciating
                  | Sinister Rituals (Sif Muna gifted it to you in the Dungeon)
  1934 | D        | Received a gift from Sif Muna
  1936 | D        | Killed an orc knight
  1937 | D        | Found Lylonux's Antique Armour Boutique.
  1938 | D        | Noticed an orc knight
  1939 | D        | Killed an orc high priest
  1940 | D        | Reached skill level 18 in Unarmed Combat
  1942 | D        | Killed an orc knight
  1944 | D        | Found Daoff's Antique Weapon Shop.
  1946 | D        | Noticed an orc knight
  1948 | D        | Killed an orc knight
  1955 | D        | Killed an orc knight
  1956 | D        | Identified Sif Muna's Disquisition on Stolen Souls (Sif
                  | Muna gifted it to you in the Dungeon)
  1956 | D        | Received a gift from Sif Muna
  2003 | D        | Bought a scroll of identify for 26 gold pieces
  2003 | D        | Bought a scroll of identify for 26 gold pieces
  2003 | D        | Bought a scroll of fog for 26 gold pieces
  2003 | D        | Bought a scroll of enchant armour for 97 gold pieces
  2003 | D        | Bought a scroll of magic mapping for 45 gold pieces
  2003 | D        | Bought a scroll of identify for 26 gold pieces
  2003 | D        | Bought a scroll of identify for 26 gold pieces
  2003 | D        | Bought a scroll of summoning for 123 gold pieces
  2101 | D        | Noticed Erica
  2107 | D        | Killed Erica
  2123 | D        | Noticed Harold
  2137 | D        | Killed Harold
  2138 | D        | Reached skill level 19 in Unarmed Combat
  2138 | D        | Reached XP level 12. HP: 56/74 MP: 21/28
  2405 | D        | Learned a level 6 spell: Statue Form
  2407 | D        | Noticed an ogre mage
  2778 | D        | Killed an ogre mage
  2893 | D        | Identified Sif Muna's Grimoire of Beguiling (Sif Muna
                  | gifted it to you in the Dungeon)
  2893 | D        | Received a gift from Sif Muna
  3006 | D        | Noticed a yaktaur captain
  3013 | D        | Killed a yaktaur captain
  3022 | D        | Noticed an ettin
  3030 | D        | Killed an ettin
  3044 | D        | Gained mutation: You tend to lose your temper in combat.
                  | [mutagenic glow]
  3046 | D        | Noticed a deep troll shaman
  3144 | D        | Killed a deep troll shaman
  3420 | D        | Noticed a stone giant
  3422 | D        | Noticed a vampire mage
  3423 | D        | Noticed a fire giant
  3431 | D        | Killed a stone giant
  3431 | D        | Identified Xuovvint's Papyrus of Hurtful Transmigration
                  | (Sif Muna gifted it to you in the Dungeon)
  3431 | D        | Received a gift from Sif Muna
  3432 | D        | Reached skill level 20 in Unarmed Combat
  3437 | D        | Killed a vampire mage
  3437 | D        | Killed from afar by a fire giant

Illustrated notes

Levels and vault maps discovered:
D:        linesprint [early_d, line_temple, items_1, d_10, items_2, lair_1,
          lair_end, items_3, orc_1, orc_end, items_4, d_15, swamp_1, shoals_1,
          snake_1, spider_1, d_20, vaults_1, items_5, swamp_end, shoals_end,
          snake_end, spider_end, vaults_end, d_27, items_6, zot_1, zot_end,
          crypt_end, forest_end, elf_end, slime_end, tomb_end, abyss_end,
          pan_hell_end]

Skill      XL: |  1  2  3  4  5  6  7  8  9 10 11 12 |
---------------+-------------------------------------+-----
Unarmed Combat | 4 5 7 11 12 13 14 16 19 20 | 20.0
Spellcasting   | 3 4 7 8 9 10 12 13 | 13.3
Transmutations | 3 4 6 8 9 10 12 13 | 13.3
Dodging        | 3 5 6 7 9 |  9.5
Stealth        | 1 4 5 8 9 11 12 | 12.6
Fighting       | 2 3 4 |  4.3
Evocations     | 1 3 |  3.7
Ice Magic      | 1 |  1.0
Poison Magic   | |  0.2

Action                   |  1- 3 |  4- 6 |  7- 9 | 10-12 || total
-------------------------+-------+-------+-------+-------++-------
Melee: Unarmed           |    23 |     6 |    31 |   180 ||   240
       Constrict         |     7 |       |       |     4 ||    11
       Kick              |     5 |       |       |    11 ||    16
       Tentacles         |     3 |       |     2 |    10 ||    15
       Punch             |       |       |     1 |     8 ||     9
       Tailslap          |       |       |       |     4 ||     4
       Bite              |       |       |       |     2 ||     2
 Cast: Beastly Appendage |     2 |       |       |       ||     2
       Wereblood         |       |     1 |     2 |     7 ||    10
       Ice Form          |       |     1 |     1 |       ||     2
       Blade Hands       |       |       |     1 |     5 ||     6
       Hydra Form        |       |       |       |     6 ||     6
       Dragon Form       |       |       |       |     3 ||     3
       Spider Form       |       |       |       |     1 ||     1
 Abil: Breathe Fire      |       |       |       |     1 ||     1
Evoke: Wand              |       |       |     3 |     4 ||     7
  Use: Potion            |     3 |     1 |       |     1 ||     5
       Scroll            |       |       |       |     3 ||     3
 Stab: Invisible         |       |     1 |     3 |       ||     4
       Sleeping          |       |       |       |     3 ||     3
Armor: Skin              |     1 |       |     1 |    28 ||    30
Dodge: Dodged            |    15 |     3 |    12 |    60 ||    90

Table legend: (Time is in decaauts)
 A = Elapsed time spent in this place.
 B = Non-inter-level travel time spent in this place.
 C = Inter-level travel time spent in this place.
 D = Time resting spent in this place.
 E = Time spent auto-exploring this place.
 F = Levels seen in this place.
 G = Mean time per level.
                   A        B        C        D        E       F      G
               +--------+--------+--------+--------+--------+-----+--------+
         Total |   3376 |   3376 |      0 |   2027 |    485 |   1 | 3376.0 |
       Dungeon |   3376 |   3376 |      0 |   2027 |    485 |   1 | 3376.0 |
               +--------+--------+--------+--------+--------+-----+--------+

Top non-repeatable levels by time:
       D: 3376 daAuts
